 Dungeon Sprint DCSS version 0.20.1-1-g8b1a95d (webtiles) character file.

1095 potatolord6000 the Fighter (level 8, -7/69 HPs)
             Began as a Demonspawn Fighter on Aug 28, 2017.
             Mangled by a polar bear (12 damage)
             ... in the Dungeon (Sprint II: "The Violet Keep of Menkaure").
             The game lasted 00:04:59 (726 turns).

potatolord6000 the Fighter (Demonspawn Fighter)      Turns: 726, Time: 00:05:00

Health: -7/69      AC: 13    Str: 19    XL:     8   Next: 10%
Magic:  18/18      EV:  8    Int:  9    God:
Gold:   144        SH: 13    Dex: 16    Spells: 21/21 levels left

rFire    + . .     SeeInvis +   a - +0 long sword
rCold    + . .     Gourm    .   c - +0 shield
rNeg     . . .     Faith    .   b - +0 scale mail
rPois    .         Spirit   .   (helmet restricted)
rElec    .         Reflect  +   (no cloak)
rCorr    .         Harm     .   d - +1 pair of gloves
MR       ++...     NoTele   +   e - +0 pair of boots
Stlth    ..........             h - +2 amulet of reflection
Regen    0.3/turn               g - ring of Makhleb's Whim {*Contam rF+ MR++ Dex+3 SInv}
MPRegen  0.2/turn               (no ring)

@: lethally poisoned (-7 -> -9), slowed, very slow
A: horns 2, thin metallic scales 1, cold resistance 1, deterioration 1, powered
by death 1
a: no special abilities


You were in the Dungeon.
You were not hungry.

You visited 1 branch You collected 972 gold pieces.
You spent 828 gold pieces at shops.

Inventory:

Hand Weapons
 a - a +0 long sword (weapon)
Armour
 b - a +0 scale mail (worn)
 c - a +0 shield (worn)
 d - a +1 pair of gloves (worn)
 e - a +0 pair of boots (worn)
Jewellery
 g - the ring of Makhleb's Whim (left hand) {*Contam rF+ MR++ Dex+3 SInv}
   (You bought it in a shop in the Dungeon)

   [ring of dexterity]

   It affects your dexterity (+3).
   It protects you from fire.
   It affects your resistance to hostile enchantments.
   It lets you see invisible.
   It causes magical contamination when unequipped.
 h - a +2 amulet of reflection (around neck)
Scrolls
 j - a scroll of enchant armour {unknown}
 k - a scroll of blinking
Potions
 i - 2 potions of magic
Comestibles
 f - a bread ration


   Skills:
 + Level 8.6 Fighting
 + Level 7.6 Long Blades
 + Level 7.8 Armour
 + Level 0.0 Stealth
 + Level 7.9 Shields
 + Level 7.2 Spellcasting


You had 21 spell levels left.
You didn't know any spells.

Dungeon Overview and Level Annotations

Branches:
Dungeon (1/1)

Altars:
Cheibriados
Dithmenos
Elyvilon
Hepliaklqana
Kikubaaqudgha
Makhleb
Qazlal
Ru
Sif Muna
Trog
Uskayaw
Vehumet
Xom
Yredelemnul
Zin
The Shining One
Beogh
Jiyva
Lugonu

Shops:
D }!:}[([[%%=:%!=?

Annotations:
D exclusions: obsidian statue, oklob plant and orange crystal statue


Innate Abilities, Weirdness & Mutations

You have a pair of horns on your head.
You are partially covered in thin metallic scales. (AC +2)
You regenerate a little health from kills.
Your flesh is cold resistant. (rC+)
Your body sometimes deteriorates upon taking damage.


Message History

The polar bear bites you but does no damage.
The polar bear claws you.
* * * LOW HITPOINT WARNING * * *
You block the polar bear's attack. x2
The polar bear claws you but does no damage.
The polar bear closely misses you. The hornet stings you.
* * * LOW HITPOINT WARNING * * *
You feel as though you will be slow longer.
Unknown command.
You hit the polar bear.
The polar bear is heavily wounded.
The hornet stings you!
* * * LOW HITPOINT WARNING * * *
You feel as though you will be slow longer.
The polar bear bites you but does no damage.
The polar bear claws you but does no damage.
You block the polar bear's attack.
The polar bear is engulfed in a cloud of scalding steam.
The polar bear bites you!
You die...

.##+## ##...## ##
#..##.# .# ####.####..##
.# ###+###.##..# .# #
†##.##...#..# .# .#
#'.<.+##.+..### h##.#
.##.##.###....###y..##▓▓
###+###.##...§§.@hc≈≈≈≈≈
##.).####≈≈....§h#+#####
#..#..#≈≈≈≈≈≈≈.§≈#..._._
##...##≈≈≈≈§§≈§§≈#_._._.
≈##+##≈≈≈≈§§§≈≈≈≈#._._._
≈≈≈≈≈≈≈≈≈≈≈≈≈≈§≈≈#.._._.
+++#+++#≈§≈≈≈≈≈≈≈#._._._
§§§.§ ##≈≈≈###§≈#_._._.
.§.§§...##§§# #≈§#._._..


You could see 3 polar bears, a yaktaur and a hornet.

Vanquished Creatures
  A merfolk siren (D)
  2 hippogriffs (D)
  3 neqoxecs (D)
  A hell rat (D)
  3 worms (D)
10 creatures vanquished.

Vanquished Creatures (others)
  A neqoxec (D)
  Menkaure (D)
  2 crocodiles (D)
4 creatures vanquished.

Grand Total: 14 creatures vanquished

Notes
Turn   | Place    | Note
-------+----------+-------------------------------------------
     0 | D        | potatolord6000 the Demonspawn Fighter began the quest for the Orb.
     0 | D        | Reached XP level 1. HP: 18/18 MP: 1/1
     1 | D        | Noticed a neqoxec
     2 | D        | Noticed a neqoxec
     2 | D        | Gained mutation: You are dopey. (Int -2) [a neqoxec]
     8 | D        | Noticed a crimson imp
     8 | D        | Noticed a crimson imp
    11 | D        | Killed a neqoxec
    11 | D        | Reached skill level 5 in Fighting
    11 | D        | Gained mutation: You regenerate a little health from kills. [demonic ancestry]
    11 | D        | Reached XP level 2. HP: 27/27 MP: 1/6
    11 | D        | Reached XP level 3. HP: 33/33 MP: 1/8
    11 | D        | Reached XP level 4. HP: 39/39 MP: 1/9
    17 | D        | Noticed a neqoxec
    18 | D        | Killed a neqoxec
    18 | D        | Reached skill level 6 in Fighting
    18 | D        | Reached skill level 5 in Long Blades
    18 | D        | Reached skill level 5 in Armour
    18 | D        | Reached skill level 5 in Shields
    18 | D        | Reached XP level 5. HP: 46/46 MP: 1/12
    18 | D        | Gained mutation: You are clumsy. (Dex -2) [a neqoxec]
    26 | D        | Killed a neqoxec
    26 | D        | Reached skill level 5 in Spellcasting
    26 | D        | Reached XP level 6. HP: 49/53 MP: 2/14
    29 | D        | Noticed an orange crystal statue
    43 | D        | Killed Menkaure
    55 | D        | Noticed a merfolk siren
    87 | D        | Killed a merfolk siren
    87 | D        | Reached skill level 7 in Fighting
    87 | D        | Gained mutation: You are partially covered in thin metallic scales. (AC +2) [demonic ancestry]
    87 | D        | Reached XP level 7. HP: 16/61 MP: 11/16
   126 | D        | Killed a neqoxec
   315 | D        | Noticed a hippogriff
   315 | D        | Noticed a hippogriff
   328 | D        | Killed a hippogriff
   328 | D        | Reached skill level 8 in Fighting
   336 | D        | Killed a hippogriff
   336 | D        | Gained mutation: You have a pair of small horns on your head. [demonic ancestry]
   336 | D        | Reached XP level 8. HP: 19/69 MP: 16/18
   396 | D        | Found Qyssi's Book Emporium.
   396 | D        | Found Dixtuzu's Distillery.
   396 | D        | Found Ykiaxoha's Food Shoppe.
   396 | D        | Found Rink's Magic Scroll Emporium.
   396 | D        | Found Ymiulef's Jewellery Shoppe.
   396 | D        | Found Hisem's Food Shoppe.
   396 | D        | Found Cutocuh's Jewellery Shoppe.
   397 | D        | Found Poesyb's Food Emporium.
   397 | D        | Found Uqigyqu's Antique Armour Shoppe.
   560 | D        | Found Sizong's Antique Armour Shoppe.
   560 | D        | Found Gutt's Antique Weapon Emporium.
   562 | D        | Found Xiatam's Armour Emporium.
   562 | D        | Found Hoalip's Gadget Shoppe.
   562 | D        | Noticed an oklob plant
   563 | D        | Found Fan Piod's Distillery.
   563 | D        | Found Jallecener's Book Shoppe.
   563 | D        | Found Rafo Lig's Gadget Emporium.
   570 | D        | Noticed a hell hog
   573 | D        | Noticed a hell hog
   605 | D        | Bought a potion of mutation for 96 gold pieces
   605 | D        | Lost mutation: You are dopey. (Int -2) [potion of mutation]
   605 | D        | Lost mutation: You are clumsy. (Dex -2) [potion of mutation]
   605 | D        | Gained mutation: You have a pair of horns on your head. [potion of mutation]
   605 | D        | Gained mutation: Your body sometimes deteriorates upon taking damage. [potion of mutation]
   605 | D        | Gained mutation: Your flesh is cold resistant. (rC+) [potion of mutation]
   632 | D        | Bought a pair of embroidered gloves for 202 gold pieces
   634 | D        | Bought a +0 pair of boots for 45 gold pieces
   660 | D        | Bought the ring of Makhleb's Whim {*Contam rF+ MR++ Dex+3 SInv} for 403 gold pieces
   660 | D        | Bought a +2 amulet of reflection for 82 gold pieces
   697 | D        | Noticed an obsidian statue
   702 | D        | Noticed a flying skull
   709 | D        | Found a glowing golden altar of the Shining One.
   709 | D        | Found a stormy altar of Qazlal.
   710 | D        | Found a shimmering altar of Xom.
   710 | D        | Found a sacrificial altar of Ru.
   710 | D        | Found a hazy altar of Hepliaklqana.
   711 | D        | Found a basalt altar of Yredelemnul.
   711 | D        | Found a deep blue altar of Sif Muna.
   711 | D        | Found a viscous altar of Jiyva.
   711 | D        | Found a roughly hewn altar of Beogh.
   712 | D        | Found a glowing silver altar of Zin.
   712 | D        | Found a bloodstained altar of Trog.
   712 | D        | Found an ancient bone altar of Kikubaaqudgha.
   712 | D        | Found a snail-covered altar of Cheibriados.
   713 | D        | Found a hide-covered altar of Uskayaw.
   713 | D        | Found a corrupted altar of Lugonu.
   713 | D        | Found a shadowy altar of Dithmenos.
   714 | D        | Found a radiant altar of Vehumet.
   714 | D        | Found a burning altar of Makhleb.
   714 | D        | Found a white marble altar of Elyvilon.
   714 | D        | Noticed a polar bear
   715 | D        | Noticed a polar bear
   716 | D        | Noticed a hornet
   721 | D        | Noticed a yaktaur
   723 | D        | Noticed a polar bear
   726 | D        | Mangled by a polar bear

Skill      XL: |  1  2  3  4  5  6  7 |
---------------+----------------------+-----
Fighting       | 5 6 7 8 |  8.6
Long Blades    | 4 5 6 7 |  7.6
Armour         | 4 5 6 7 |  7.8
Shields        | 4 5 6 7 |  7.9
Spellcasting   | 3 4 5 6 7 |  7.2

Action                   |  1- 3 |  4- 6 |  7- 9 || total
-------------------------+-------+-------+-------++-------
Melee: Long sword        |     7 |    53 |    34 ||    94
       Headbutt          |       |       |     2 ||     2
  Use: Potion            |     3 |     1 |     2 ||     6
Armor: Scale mail        |     1 |     4 |    46 ||    51
Dodge: Dodged            |     1 |     4 |    31 ||    36
Block: Shield            |     2 |     8 |    40 ||    50
       Rpst.: Long sword |     1 |     1 |     3 ||     5
